Map: Vaani Research Station (Void)

Players

Musumeci

  • Race: Zerg Zerg
  • League: Diamond
  • Spawn Location: 12:00

Icey - Winner!

  • Race: Protoss Protoss
  • League: Diamond
  • Spawn Location: 6:00

VOD

Have the link to the VOD?

Description

Time

  • Played on: Dec. 28, 2016, 8:57 a.m.
  • Length: 14:42
Show
View Real Time Build Order
Export as new Build Order

Musumeci Zerg 

Build Orders: Hatch First 

Get SALT Encoding   

  12  0:06  Drone  
  13  0:08  Drone  
  14  0:19  Extractor  
  14  0:20  Drone  
  15  0:41  Hatchery  
  14  0:46  Extractor  
  14  0:47  Drone  
  15  1:02  Spawning Pool  
  14  1:12  Drone, Extractor x2  
  14  1:16  Drone  
  16  1:20  Overlord  
  16  1:39  Drone  
  17  1:44  Drone  
  17  1:45  Drone  
  19  1:49  Queen  
  19  1:50  Extractor  
  20  1:56  Queen  
  22  2:01  Drone  
  22  2:06  Drone  
  24  2:15  Drone x2  
  25  2:20  Drone  
  25  2:21  Drone  
  27  2:39  Overlord  
  27  2:41  Queen  
  27  2:42  Extractor  
  29  2:57  Queen  
  31  2:58  Drone  
  31  2:59  Drone x4  
  36  3:07  Overlord  
  36  3:11  Overlord  
  36  3:20  Metabolic Boost  
  36  3:26  Drone x5  
  41  3:30  Zergling x2  
  42  3:35  Extractor  
  42  3:37  Extractor x2  
  39  3:50  Drone x4  
  43  4:00  Roach Warren  
  42  4:07  Spore Crawler  
  42  4:09  Spore Crawler  
  40  4:21  Lair  
  39  4:31  Overlord  
  39  4:32  Overlord  
  39  4:40  Drone x5  
  44  4:50  Roach  
  44  4:51  Roach x4  
  54  4:57  Evolution Chamber  
  53  5:18  Glial Reconstitution  
  53  5:21  Roach x3  
  53  5:35  Overseer, Spore Crawler  
  51  5:36  Queen  
  49  6:19  Roach x5  
  59  6:26  Zerg Missile Weapons Level 1  
  59  6:28  Drone  
  59  6:30  Overlord x5  
  60  6:48  Ravager x4  
  60  6:49  Ravager x2  
  60  6:50  Ravager x2  
  68  7:05  Roach x9  
  63  7:23  Roach x3  
  67  7:35  Roach  
  67  7:36  Roach x2  
  69  7:59  Roach  
  69  8:00  Roach x3  
  77  8:08  Ravager x2  
  77  8:09  Ravager  
  77  8:12  Queen x2  
  84  8:46  Roach x3  
  84  8:49  Overlord x3  
  84  9:03  Overlord x2  
  84  9:18  Drone x2  
  84  9:20  Hatchery  
  83  9:26  Ravager  
  83  9:30  Roach x5  
  94  9:34  Overseer  
  94  9:43  Ravager x5  
  94  9:44  Ravager x4  
  103  9:48  Drone x5  
  108  9:58  Ravager x2  
  110  10:18  Roach x7  
  111  10:44  Drone x4  
  114  10:51  Queen  
  114  10:53  Drone x4  
  120  10:58  Drone  
  120  10:59  Drone x2  
  120  11:02  Extractor  
  120  11:04  Extractor  
  121  11:09  Ravager  
  121  11:10  Ravager x4  
  126  11:18  Overlord x3  
  123  11:47  Roach x9  
  139  12:17  Overseer  
  139  12:19  Roach  
  139  12:20  Roach x6  
  153  12:24  Overlord x3  
  153  12:26  Pneumatized Carapace  
  153  12:50  Ravager x7  
  160  12:53  Roach  
  139  13:25  Roach x8  
  139  13:26  Roach x5  
  127  13:39  Roach  
  127  13:40  Roach x2  
  71  13:49  Ravager x5  
  76  13:58  Roach x3  
  67  14:25  Ravager x7  
Show
View Real Time Build Order
Export as new Build Order

Icey Protoss - Winner!

Build Orders: 1 Gate Expand, Zealot Archon, Dark Templar Rush 

Get SALT Encoding   

  12  0:01  Probe (Chrono Boost)  
  13  0:11  Probe (Chrono Boost)  
  14  0:19  Pylon  
  14  0:22  Probe (Chrono Boost)  
  15  0:37  Probe (Chrono Boost)  
  15  0:40  Gateway  
  16  0:48  Probe (Chrono Boost)  
  16  0:49  Assimilator  
  17  0:58  Probe (Chrono Boost)  
  18  1:09  Probe (Chrono Boost)  
  19  1:19  Probe (Chrono Boost)  
  20  1:33  Cybernetics Core  
  20  1:40  Nexus  
  20  1:46  Probe (Chrono Boost)  
  21  1:48  Assimilator  
  21  1:57  Probe (Chrono Boost)  
  21  2:01  Pylon  
  22  2:07  Probe (Chrono Boost)  
  23  2:16  Warp Gate  
  23  2:19  Probe (Chrono Boost)  
  23  2:20  Adept  
  26  2:32  Probe (Chrono Boost)  
  26  2:33  Twilight Council  
  27  2:40  Pylon  
  27  2:44  Adept, Probe (Chrono Boost)  
  30  2:55  Probe (Chrono Boost)  
  30  2:56  Probe (Chrono Boost)  
  32  3:04  Robotics Facility  
  32  3:08  Probe (Chrono Boost)  
  33  3:15  Probe (Chrono Boost)  
  34  3:23  Dark Shrine  
  34  3:26  Probe (Chrono Boost)  
  36  3:27  Probe (Chrono Boost)  
  36  3:33  Assimilator  
  36  3:36  Probe (Chrono Boost)  
  39  3:44  Mothership Core (Chrono Boost)  
  39  3:47  Gateway  
  39  3:48  Probe (Chrono Boost)  
  40  3:55  Warp Prism  
  42  4:02  Gateway  
  42  4:07  Gateway  
  42  4:08  Resonating Glaives  
  42  4:13  Probe (Chrono Boost)  
  42  4:16  Probe (Chrono Boost)  
  44  4:23  Pylon  
  44  4:26  Probe (Chrono Boost)  
  44  4:30  Probe (Chrono Boost)  
  46  4:38  Pylon, Probe (Chrono Boost)  
  47  4:42  Assimilator, Probe (Chrono Boost)  
  48  4:50  Probe (Chrono Boost)  
  49  4:57  Dark Templar x3  
  56  5:08  Pylon, Probe (Chrono Boost)  
  56  5:10  Dark Templar  
  58  5:16  Probe (Chrono Boost)  
  58  5:18  Immortal  
  63  5:24  Probe (Chrono Boost)  
  64  5:32  Probe (Chrono Boost)  
  66  5:36  Probe (Chrono Boost)  
  66  5:40  Adept x3  
  72  5:43  Probe (Chrono Boost)  
  73  5:50  Archon x2  
  73  5:54  Nexus  
  73  5:57  Pylon  
  73  6:12  Probe (Chrono Boost)  
  73  6:13  Probe (Chrono Boost)  
  73  6:16  Pylon  
  75  6:19  Gateway  
  75  6:20  Forge  
  75  6:22  Sentry x2  
  75  6:23  Sentry x2  
  75  6:25  Forge  
  83  6:28  Probe (Chrono Boost)  
  83  6:31  Pylon  
  84  6:36  Assimilator  
  84  6:40  Assimilator  
  84  6:46  Adept  
  84  6:47  Adept x3  
  88  6:50  Probe (Chrono Boost)  
  93  6:56  Probe (Chrono Boost)  
  93  6:58  Immortal  
  92  7:08  Protoss Ground Weapons Level 1  
  88  7:20  Adept x4, Protoss Ground Armor Level 1  
  96  7:27  Probe (Chrono Boost)  
  97  7:40  Observer, Probe (Chrono Boost)  
  99  7:44  Adept  
  99  7:45  Adept x3  
  99  7:47  Probe (Chrono Boost)  
  99  7:48  Probe (Chrono Boost)  
  110  7:52  Probe (Chrono Boost)  
  111  7:59  Probe (Chrono Boost)  
  111  8:07  Adept  
  111  8:08  Adept x2  
  111  8:11  Pylon  
  117  8:13  Pylon  
  117  8:23  Pylon  
  117  8:27  Pylon  
  117  8:28  Gateway  
  117  8:29  Gateway  
  113  8:48  Adept x5  
  115  8:53  Pylon  
  123  8:56  Immortal  
  123  8:59  Gateway, Blink  
  123  9:00  Gateway  
  123  9:02  Gateway, Probe (Chrono Boost)  
  128  9:03  Templar Archives  
  128  9:04  Gateway  
  128  9:07  Photon Cannon, Probe (Chrono Boost)  
  128  9:09  Probe (Chrono Boost)  
  130  9:12  Protoss Ground Weapons Level 2, Protoss Ground Armor Level 2  
  128  9:36  Dark Templar x2  
  128  9:37  Adept x2  
  136  9:41  Probe (Chrono Boost)  
  137  9:45  Dark Templar  
  137  9:50  Immortal  
  143  9:53  High Templar x2  
  147  10:12  Adept x4  
  151  10:25  Stalker x3  
  157  10:35  Pylon  
  157  10:39  Pylon  
  147  10:50  Nexus  
  147  10:52  Pylon  
  147  10:53  Pylon  
  147  10:55  Adept x4, Pylon  
  147  10:56  Archon  
  151  10:59  Photon Cannon  
  151  11:03  Pylon  
  151  11:13  Adept x5  
  151  11:14  Adept  
  151  11:17  Nexus  
  163  11:19  Pylon  
  162  11:43  Stalker x4  
  162  11:44  Stalker x4  
  164  11:55  Protoss Ground Weapons Level 3  
  164  12:02  Protoss Shields Level 1  
  164  12:03  Photon Cannon  
  164  12:04  Photon Cannon  
  164  12:07  Probe x2 (Chrono Boost)  
  166  12:23  Assimilator  
  166  12:26  Assimilator, Immortal  
  168  12:46  Adept x2, Stalker  
  168  12:47  Stalker x7  
  188  13:02  Probe x2 (Chrono Boost)  
  190  13:10  Dark Templar x3  
  190  13:11  Dark Templar x3  
  167  13:38  Dark Templar  
  167  13:39  Dark Templar x3  
  155  13:47  Archon x2  
  153  13:51  Pylon  
  153  13:55  Adept x6  
  165  14:21  Dark Templar x3  
  165  14:22  Dark Templar x6  
Tags
 
Add a new tag
Caveats
  • Supply blocks, unpowered buildings, or Contaminate may cause inaccurate times.
  • Supply counts are checked every 10 seconds.